 Dungeon Crawl Stone Soup version 0.25-a0-855-g681bda5bb4 (webtiles) character file.

Game seed: 426673152109454423, levelgen mode: deterministic

19 Maedhros the Skirmisher (level 2, -3/21 HPs)
             Began as an Octopode Chaos Knight on Apr 26, 2020.
             Was a Plaything of Xom.
             Shot with a stone by a goblin (7 damage)
             ... on level 2 of the Dungeon.
             The game lasted 00:00:25 (290 turns).

Maedhros the Skirmisher (Octopode Chaos Knight)      Turns: 290, Time: 00:00:26

Health: -3/21      AC:  1    Str: 11    XL:     2   Next: 75%
Magic:  2/2        EV: 14    Int: 14    God:    Xom [..*...]
Gold:   29         SH:  0    Dex: 11    Spells: 1/1 levels left

rFire    . . .     SeeInvis .   f - +2 dagger (protect)
rCold    . . .     Gourm    .   (no shield)
rNeg     . . .     Faith    .   (helmet restricted)
rPois    .         Spirit   .   (no amulet)
rElec    .         Reflect  .   (no ring)
rCorr    .         Harm     .   (no ring)
MR       .....                  (no ring)
Stlth    ++........             (no ring)
HPRegen  0.07/turn              (no ring)
MPRegen  0.08/turn              (no ring)
                                (no ring)
                                (no ring)

@: no status effects
A: almost no armour, stealthy swim, amphibious, 8 rings, constrict 8, camouflage
1, gelatinous body 1
a: Renounce Religion


You were on level 2 of the Dungeon.
You worshipped Xom.
You were a toy of Xom.
You were not hungry.

You visited 1 branch of the dungeon, and saw 2 of its levels.

You collected 29 gold pieces.

Inventory:

Hand Weapons
 a - a +0 spear of chaos
 f - a +2 dagger of protection (weapon)
Jewellery
 d - an uncursed amulet of magic regeneration {unknown}
Scrolls
 c - a scroll of fog {unknown}
 g - a scroll of enchant armour {unknown}
Potions
 e - a potion of resistance {unknown}
 h - a potion of curing {unknown}
Comestibles
 b - a ration


   Skills:
 + Level 3.2 Fighting
 + Level 3.2 Polearms
 * Level 3.0 Dodging


You had one spell level left.
You didn't know any spells.
Your spell library was empty.

Dungeon Overview and Level Annotations

Branches:
Dungeon (2/15)

Altars:


Innate Abilities, Weirdness & Mutations

You cannot wear most types of armour.
You are very stealthy in the water. (Stealth+)
You are amphibious.
You can wear up to eight rings at the same time.
You can use your tentacles to constrict eight enemies at once.
Your skin changes colour to match your surroundings (Stealth+).
Your rubbery body absorbs attacks. (AC +1, EV +1)


Message History

The goblin hits you but does no damage.
You hit the goblin.
You kill the goblin!
You hit the hobgoblin. You grab the hobgoblin.
The hobgoblin is almost dead.
You constrict the hobgoblin, but do no damage.
You hit the hobgoblin.
You kill the hobgoblin!
Your Dodging skill increases to level 3!
The goblin unwields a +0 club.
The goblin wields a +0 hunting sling.
The goblin shoots a stone.
The stone hits you but does no damage.
You swing at nothing.
You swing at nothing.
The goblin shoots a stone.
The stone barely misses you.
You swing at nothing.
The goblin shoots a stone.
The stone barely misses you.
You swing at nothing.
The goblin shoots a stone.
The stone hits you!
You swing at nothing.
The goblin shoots a stone.
The stone hits you.
* * * LOW HITPOINT WARNING * * *
You swing at nothing.
The goblin shoots a stone.
The stone barely misses you.
You swing at nothing.
The goblin shoots a stone.
The stone hits you!
You die...

######
#g)@(####.#
##'##......#
#...######.#
#...# ##g##
#.)gg.#
#.......#
#...$...#
#......(#


You could see a goblin.

Vanquished Creatures
  A dart slug (D:1)
  4 goblins
  5 hobgoblins
  A bat (D:1)
  3 kobolds (D:1)
  2 rats (D:1)
16 creatures vanquished.

Notes
Turn   | Place    | Note
-------+----------+-------------------------------------------
     0 | D:1      | Maedhros the Octopode Chaos Knight began the quest for the
                  | Orb.
     0 | D:1      | Reached XP level 1. HP: 16/16 MP: 1/1
    73 | D:1      | XOM: butterfly on damage
    78 | D:1      | Reached XP level 2. HP: 16/21 MP: 2/2
   290 | D:2      | Shot with a stone by a goblin

Levels and vault maps discovered:
D:1:      shiori_arrival_oz, layout_basic, minmay_vboxes
D:2:      layout_basic, minmay_goblin_kobold_house, uniq_robin

Skill      XL: |  1  2 |
---------------+-------+-----
Dodging        | 3 |  3.0
Fighting       | |  3.2
Polearms       | |  3.2

Action                   || total
-------------------------++-------
Melee: Spear             ||    17
       Constrict         ||     6
       Tentacles         ||     3
       Dagger            ||    22
 Stab: Sleeping          ||     3
Armor: Skin              ||     6
Dodge: Dodged            ||    18

Table legend:
 A = Non-vault XP
 B = Vault XP
 C = Vault XP percentage of total XP
 D = Non-vault monster count
 E = Vault monster count
 F = Vault count percentage of total count
                 A         B        C        D         E       F
            +---------+---------+-------+---------+---------+-------
      Total |      15 |      13 |  46.4 |       9 |       7 |  43.8
            +---------+---------+-------+---------+---------+-------
        D:1 |      15 |       2 |  11.8 |       9 |       1 |  10.0
        D:2 |       0 |      11 | 100.0 |       0 |       6 | 100.0
            +---------+---------+-------+---------+---------+-------
